 Dungeon Crawl Stone Soup version 0.30-a0-587-gfd7c166f36 (webtiles) character file.

Game seed: 3464312988441409355

1570 BlackLaughter the Destroyer (level 8, -4/37 HPs)
             Began as a Tengu Conjurer on Jan 4, 2023.
             Was a Believer of the Shining One.
             Killed from afar by a kobold (9 damage)
             ... with an iceblast
             ... on level 5 of the Dungeon.
             The game lasted 00:26:09 (6498 turns).

BlackLaughter the Destroyer (Tengu Conjurer)        Turns: 6498, Time: 00:26:09

Health: -4/37      AC:  9    Str:  6    XL:     8   Next: 90%
Magic:  2/18       EV: 17    Int: 19    God:    the Shining One [**....]
Gold:   229        SH:  0    Dex: 16    Spells: 18/19 levels left

rFire   . . .      SeeInvis .    e - +4 quarterstaff (chaos)
rCold   . . .      Faith    .    (shield currently unavailable)
rNeg    + . .      Spirit   .    p - +0 ring mail
rPois   .          Reflect  .    (helmet restricted)
rElec   .          Harm     .    q - +0 cloak
rCorr   .          Rampage  .    c - +1 pair of gloves
Will    .....                    (boots unavailable)
Stlth   +                        (no amulet)
HPRegen 0.26/turn                r - +5 ring of evasion
MPRegen 0.16/turn                (no ring)

@: lethally poisoned (-4 -> -5), flying quickly and evasively, glowing, quick
A: beak, talons 3, nimble flight, agile 1, dopey 1, frail 1
a: Renounce Religion, Divine Shield


You were on level 5 of the Dungeon.
You worshipped the Shining One.
The Shining One was pleased with you.
You visited 1 branch of the dungeon, and saw 5 of its levels.

You collected 229 gold pieces.

Inventory:

Hand Weapons
 d - a +2 dagger of venom
 e - a +4 quarterstaff of chaos (weapon)
Armour
 a - a +0 robe
 c - a +1 pair of gloves (worn)
 m - a +0 chain mail
 p - a +0 ring mail (worn)
 q - a +0 cloak (worn)
 z - a +0 scale mail
Magical Staves
 o - a staff of earth
Jewellery
 r - a +5 ring of evasion (left hand)
 v - an amulet of faith
Wands
 w - a wand of flame (15)
Scrolls
 g - 4 scrolls of noise
 j - a scroll of torment
 k - 3 scrolls of teleportation
 l - 2 scrolls of poison
 t - a scroll of immolation
 u - a scroll of enchant armour
 y - a scroll of blinking
Potions
 b - a potion of magic
 f - a potion of degeneration
 h - a potion of curing {unknown}
 n - 2 potions of flight
 s - 3 potions of attraction


   Skills:
 + Level 0.8 Fighting
 + Level 1.4 Short Blades
 + Level 5.2 Armour
 + Level 3.2 Dodging
 + Level 3.0 Stealth
 + Level 6.1 Spellcasting
 + Level 9.6 Conjurations
 + Level 0.1 Evocations


You had 18 spell levels left.
You knew the following spells:

 Your Spells              Type           Power      Damage    Failure   Level
a - Magic Dart            Conj           100%       1d8       1%          1

Your spell library contained the following spells:

 Spells                   Type           Power      Damage    Failure   Level
 Searing Ray              Conj           84%        2d7       1%          2
 Dazzling Flash           Conj/Hex       48%        N/A       16%         3
 Fulminant Prism          Conj/Hex       12%        3d8       45%         4
 Iskenderun's Mystic Bla  Conj/Tloc      24%        2d7       45%         4
 Ensorcelled Hibernation  Hex/Ice        10%        N/A       50%         2
 Passwall                 Tmut/Erth      4%         N/A       50%         2
 Gell's Gravitas          Tloc           5%         N/A       75%         3
 Lesser Beckoning         Tloc           10%        N/A       75%         3
 Swiftness                Air            5%         N/A       75%         3
 Teleport Other           Tloc           5%         N/A       75%         3
 Vhi's Electric Charge    Tloc/Air       10%        N/A       75%         3
 Arcjolt                  Conj/Air       12%        1d22      82%         5
 Maxwell's Capacitive Co  Air            2%         ∞         100%        8


Dungeon Overview and Level Annotations

Branches:
Dungeon (5/15)             Temple (0/1) D:4

Altars:
Dithmenos
Fedhas
Makhleb
Nemelex Xobeh
Qazlal
Sif Muna
Trog
The Shining One


Innate Abilities, Weirdness & Mutations

You have a beak for a mouth.
You have claws for feet.
Your magical nature lets you fly swiftly and evasively.
You are agile. (Dex +4, Str/Int -1)
You are dopey. (Int -2)
You are frail. (-10% HP)


Message History

The Shining One protects you from harm!
The fiery explosion engulfs the kobold!!!
The kobold explodes!
The fiery explosion engulfs the kobold!!!
You kill the kobold!
The kobold explodes!
The fiery explosion engulfs the kobold!!!
The kobold explodes!
The fiery explosion engulfs the kobold!!
You kill the kobold!
The kobold brigand explodes!
The fiery explosion engulfs you!
Your Short Blades skill increases to level 1!
Your Armour skill increases to level 5!
Your Dodging skill increases to level 3!
Your Spellcasting skill increases to level 6!
Really fly into that cloud of poison gas?
Okay, then.
You feel sick.
Aiming: Magic Dart (safe; 1% risk of failure)
Press: ? - help, Q - select action, (/) - cycle Shift-Dir - straight line, f - kobold
Aim: a kobold, wielding a +0 short sword of chaos (100% to hit)
The magic dart hits the kobold.
The kobold is heavily wounded.
You feel sick.
Aiming: Magic Dart (safe; 1% risk of failure)
Press: ? - help, Q - select action, (/) - cycle Shift-Dir - straight line, f/p - kobold
Aim: a kobold, wielding a +0 short sword of chaos (heavily wounded, 100% to hit)
The magic dart hits the kobold.
You kill the kobold!
You feel sick.
Aiming: Magic Dart (safe; 1% risk of failure)
Press: ? - help, Q - select action, (/) - cycle Shift-Dir - straight line, f - kobold
Aim: a kobold, wielding a +0 dagger and carrying a wand of iceblast (9) (100% to hit)
The magic dart hits the kobold.
The kobold is severely wounded.
You feel sick.
As you read the scroll of fog, it crumbles to dust.
The scroll dissolves into smoke.
You feel sick.
You feel sick.
The kobold zaps a wand.
The mass of ice explodes!
The iceblast engulfs you!
You die...

..#.......#+####.###..#
###......##.####.###..#
..#......#........#...#
..'......#........#...#
###......#...#...##...#
.####.<.....###.#######
.#..#.......# #.§#
.'..'.......# ##§#
.####.......####@#
.........#####§§§#
........##.⌠.##§§#
.......##.#.#K#K☼#
.......#...#.))§§#
.......#=.....☼§☼#
.......#$..#..'§##
.......##.#.#.#.#
.#########.⌠.##.#


You could see 2 kobolds.

Vanquished Creatures
  The ghost of lagdotcom the Cudgeller, a novice AtFi of Hepliaklqana (D:5)
  Menkaure (D:5)
  2 black bears (D:5)
  An ogre (D:5)
  2 phantoms (D:5)
  A kobold brigand (D:5)
  2 scorpions (D:5)
  2 jellies (D:4)
  4 hounds
  Crazy Yiuf (D:5)
  3 orc wizards
  2 iguanas
  6 adders
  4 worms
  2 dart slugs
  16 orcs
  6 endoplasms
  6 giant cockroaches
  6 goblins
  11 hobgoblins
  3 jackals (D:2)
  12 kobolds
  3 quokkas
  12 ball pythons
  8 bats
  3 frilled lizards
  6 rats
126 creatures vanquished.

Notes
Turn   | Place    | Note
-------+----------+-------------------------------------------
     0 | D:1      | BlackLaughter the Tengu Conjurer began the quest for the
                  | Orb.
     0 | D:1      | Reached XP level 1. HP: 10/10 MP: 4/4
   130 | D:1      | Reached XP level 2. HP: 15/15 MP: 0/6
   392 | D:1      | Reached skill level 6 in Conjurations
   629 | D:1      | Reached XP level 3. HP: 19/19 MP: 5/7
  1406 | D:2      | Reached XP level 4. HP: 24/24 MP: 6/8
  2454 | D:3      | Found a faded altar of an unknown god.
  2454 | D:3      | Found a stormy altar of Qazlal.
  2461 | D:3      | Found a burning altar of Makhleb.
  2464 | D:3      | Found a faded altar of an unknown god.
  2466 | D:3      | Found a shadowy altar of Dithmenos.
  2480 | D:3      | Prayed at the altar of an unknown god.
  2480 | D:3      | Became a worshipper of the Shining One
  2480 | D:3      | Reached * piety under the Shining One
  2702 | D:3      | Found a bloodstained altar of Trog.
  3036 | D:3      | Gained mutation: You have hidden genetic defects. [potion
                  | of mutation]
  3036 | D:3      | Gained mutation: Your muscles are strong. (Str +4, Int/Dex
                  | -1) [potion of mutation]
  3242 | D:4      | Gained mutation: Your magical nature lets you fly swiftly
                  | and evasively. [Tengu growth]
  3242 | D:4      | Reached XP level 5. HP: 28/28 MP: 6/10
  3288 | D:4      | Gained mutation: You sometimes lose your temper in combat.
                  | [hidden defects]
  3411 | D:4      | Gained mutation: You are dopey. (Int -2) [hidden defects]
  3411 | D:4      | Lost mutation: You have hidden genetic defects. [hidden
                  | defects expressed]
  3540 | D:4      | Reached XP level 6. HP: 32/32 MP: 4/12
  3626 | D:4      | Reached skill level 1 in Armour
  3626 | D:4      | Reached skill level 7 in Conjurations
  3790 | D:4      | Found a glowing golden altar of the Shining One.
  3829 | D:4      | Found a staircase to the Ecumenical Temple.
  4413 | D:4      | Found a blossoming altar of Fedhas.
  4508 | D:4      | Lost mutation: You sometimes lose your temper in combat.
                  | [potion of mutation]
  4508 | D:4      | Lost mutation: Your muscles are strong. (Str +4, Int/Dex
                  | -1) [potion of mutation]
  4508 | D:4      | Gained mutation: You are frail. (-10% HP) [potion of
                  | mutation]
  4508 | D:4      | Gained mutation: You are agile. (Dex +4, Str/Int -1)
                  | [potion of mutation]
  4643 | D:4      | Found a sparkling altar of Nemelex Xobeh.
  4678 | D:5      | Entered Level 5 of the Dungeon
  4947 | D:5      | Noticed Menkaure
  4958 | D:5      | Killed Menkaure
  4959 | D:5      | Reached skill level 8 in Conjurations
  4959 | D:5      | Reached XP level 7. HP: 14/32 MP: 3/15
  4961 | D:5      | Reached ** piety under the Shining One
  4995 | D:5      | Reached skill level 5 in Spellcasting
  5350 | D:5      | Found a runed translucent gate.
  5350 | D:5      | Found a runed translucent gate.
  5351 | D:5      | Found a runed translucent gate.
  5351 | D:5      | Noticed lagdotcom's ghost (novice AtFi)
  5530 | D:5      | Found a runed translucent door.
  5531 | D:5      | Noticed Crazy Yiuf
  5545 | D:5      | Killed Crazy Yiuf
  5546 | D:5      | Reached XP level 8. HP: 3/36 MP: 7/16
  5733 | D:5      | Found a shimmering blue altar of Sif Muna.
  6213 | D:5      | Reached skill level 9 in Conjurations
  6492 | D:5      | Killed lagdotcom's ghost
  6492 | D:5      | The Shining One protects you from harm!
  6493 | D:5      | Reached skill level 1 in Short Blades
  6493 | D:5      | Reached skill level 5 in Armour
  6498 | D:5      | Killed from afar by a kobold

Illustrated notes

Levels and vault maps discovered:
D:1:      minmay_arrival_up_and_down, layout_basic, minmay_heptomino_h4
D:2:      layout_loops_corners
D:3:      layout_rooms, trog_three_pillars_becter,
          chequers_temple_overflow_minitemple
D:4:      minmay_evil_eye, layout_loops_ring, fedhas_altar_fruit_tree,
          nemelex_spade_bored_becter, tso_altar, minmay_temple_entry_junction_2
D:5:      layout_gridville, nicolae_sif_muna_little_library,
          gammafunk_ghost_nasty_kobolds, amcnicky_mini_rare_corridor_liquid,
          uniq_menkaure, uniq_crazy_yiuf_cottage

Skill      XL: |  1  2  3  4  5  6  7  8 |
---------------+-------------------------+-----
Conjurations   | 6 8 9 |  9.6
Spellcasting   | 3 4 5 6 |  6.1
Armour         | 2 3 5 |  5.2
Stealth        | 3 |  3.0
Short Blades   | 1 |  1.4
Dodging        | 3 |  3.2
Fighting       | |  0.8
Evocations     | |  0.1

Action                   |  1- 3 |  4- 6 |  7- 9 || total
-------------------------+-------+-------+-------++-------
Melee: Dagger            |     1 |     4 |     6 ||    11
       Kick              |       |     2 |     1 ||     3
       Peck              |       |       |     3 ||     3
 Cast: Magic Dart        |    67 |   177 |   101 ||   345
Evoke: Wand              |       |       |     1 ||     1
  Use: Potion            |       |    12 |     2 ||    14
       Scroll            |       |    10 |     6 ||    16
Armor: Robe              |     3 |       |       ||     3
       Ring mail         |       |    21 |    25 ||    46
Dodge: Dodged            |     2 |    32 |    56 ||    90

Table legend: (Time is in decaauts)
 A = Elapsed time spent in this place.
 B = Non-inter-level travel time spent in this place.
 C = Inter-level travel time spent in this place.
 D = Time resting spent in this place.
 E = Time spent auto-exploring this place.
 F = Levels seen in this place.
 G = Mean time per level.
                   A        B        C        D        E       F      G
               +--------+--------+--------+--------+--------+-----+--------+
         Total |   6332 |   6141 |    191 |    208 |   5268 |   5 | 1266.4 |
       Dungeon |   6332 |   6141 |    191 |    208 |   5268 |   5 | 1266.4 |
               +--------+--------+--------+--------+--------+-----+--------+

Top non-repeatable levels by time:
     D:5: 1739 daAuts
     D:4: 1381 daAuts
     D:2: 1264 daAuts
     D:1: 1009 daAuts
     D:3: 937 daAuts
